 Dungeon Crawl Stone Soup version 0.28-a0-932-g843f935a50 (webtiles) character file.

Game seed: 4000853280824986546

9 esgrovinhado the Skirmisher (level 2, -1/19 HPs)
             Began as a Gargoyle Berserker on Nov 27, 2021.
             Was a Follower of Trog.
             Slain by a kobold (2 damage)
             ... on level 1 of the Dungeon.
             The game lasted 00:09:23 (450 turns).

esgrovinhado the Skirmisher (Gargoyle Berserker)     Turns: 450, Time: 00:09:23

Health: -1/19      AC:  8    Str: 20    XL:     2   Next: 16%
Magic:  2/2        EV: 11    Int:  7    God:    Trog [*.....]
Gold:   12         SH:  0    Dex:  9    Spells: 1/1 levels left

rFire   . . .      SeeInvis .   a - +0 mace
rCold   . . .      Faith    .   (no shield)
rNeg    + . .      Spirit   .   c - +0 ring mail
rPois   ∞          Reflect  .   (no helmet)
rElec   +          Harm     .   (no cloak)
rCorr   .          Rampage  .   (no gloves)
Will    .....                   (no boots)
Stlth   ..........              (no amulet)
HPRegen 0.06/turn               (no ring)
MPRegen 0.08/turn               (no ring)

@: no status effects
A: sickness immunity, AC +2, negative energy resistance 1, electricity
resistance, torment resistance 1, petrification resistance
a: Renounce Religion, Berserk


You were on level 1 of the Dungeon.
You worshipped Trog.
Trog was aware of your devotion.
You visited 1 branch of the dungeon, and saw 1 of its levels.

You collected 12 gold pieces.

Inventory:

Hand Weapons
 a - a +0 mace (weapon)
 d - a +0 short sword
Armour
 b - a +0 animal skin
 c - a +0 ring mail (worn)
 e - a +0 ring mail
Potions
 f - a potion of brilliance {unknown}


   Skills:
 + Level 3.5 Fighting
 + Level 3.2 Maces & Flails
 + Level 2.3 Armour
 + Level 1.6 Dodging


You had one spell level left.
You didn't know any spells.
Your spell library contained the following spells:

 Spells                   Type           Power      Damage    Failure   Level
 Passwall                 Tmut/Erth      0%         N/A       75%         2
 Swiftness                Air            0%         N/A       93%         3


Dungeon Overview and Level Annotations

Branches:
Dungeon (1/15)

Altars:


Innate Abilities, Weirdness & Mutations

You are immune to sickness and miasma.
Your stone body is resilient. (AC +2)
You are immune to poison.
You resist negative energy. (rN+)
You are resistant to electric shocks. (rElec)
You are resistant to unholy torment.
You are immune to petrification.


Message History

You completely miss the quokka.
The quokka is moderately wounded.
The quokka twitches its whiskers.
The quokka barely misses you. The quokka barely misses you.
The quokka closely misses you. The quokka bites you.
* * * LOW HITPOINT WARNING * * *
The quokka closely misses you.
The quokka twitches its whiskers.
You hit the quokka.
You kill the quokka!
Trog accepts your kill.
You have reached level 2!
Unknown command.
You hit the hobgoblin.
The hobgoblin is lightly wounded.
The hobgoblin hits you but does no damage.
You thump the hobgoblin!
You kill the hobgoblin!
Trog accepts your kill. The kobold hits you but does no damage.
You barely miss the kobold.
The kobold hits you with a +0 short sword.
* * * LOW HITPOINT WARNING * * *
You hit the kobold.
You kill the kobold!
Trog accepts your kill.
The kobold throws a stone.
The stone hits you but does no damage.
The kobold throws a stone.
The stone completely misses you.
The kobold throws a stone.
The stone hits you but does no damage.
The kobold throws a stone.
The stone closely misses you.
The kobold throws a stone.
The stone closely misses you.
The kobold throws a stone.
The stone hits you but does no damage.
The kobold throws a stone.
The stone closely misses you.
The kobold throws a stone.
The stone misses you.
The kobold throws a stone.
The stone hits you.
* * * LOW HITPOINT WARNING * * *
The kobold throws a stone.
The stone misses you. The kobold hits you with a +0 club.
You die...

##......# #.#..####### ####.####
#..#..#..... # #.# ##.##.#.....
####.# #.##....... ...#.#
#..###....) ...#.# ###..(......
...#.# ######....##.....
...#.############....).#.#####.#.
................@K######..## #.#.
#.##.####..######## ##..# #.#K
#............. ##.# #.#.
.....#########.# #.>.#.#K ###..#
###.#... #...# ........ ##..#
..##.### #>..# #.# .#.# # #


You could see a kobold.

Vanquished Creatures
  2 endoplasms (D:1)
  A hobgoblin (D:1)
  A quokka (D:1)
  4 kobolds (D:1)
  A rat (D:1)
9 creatures vanquished.

Notes
Turn   | Place    | Note
-------+----------+-------------------------------------------
     0 | D:1      | esgrovinhado the Gargoyle Berserker began the quest for the
                  | Orb.
     0 | D:1      | Reached XP level 1. HP: 14/14 MP: 1/1
   432 | D:1      | Reached XP level 2. HP: 3/19 MP: 2/2
   450 | D:1      | Slain by a kobold

Illustrated notes

Levels and vault maps discovered:
D:1:      dpeg_arrival_lava_altar, layout_rooms

Action                   || total
-------------------------++-------
Melee: Mace              ||    39
Armor: Ring mail         ||    24
Dodge: Dodged            ||    42

Table legend: (Time is in decaauts)
 A = Elapsed time spent in this place.
 B = Non-inter-level travel time spent in this place.
 C = Inter-level travel time spent in this place.
 D = Time resting spent in this place.
 E = Time spent auto-exploring this place.
 F = Levels seen in this place.
 G = Mean time per level.
                   A        B        C        D        E       F      G
               +--------+--------+--------+--------+--------+-----+--------+
         Total |    459 |    455 |      4 |      0 |      0 |   1 |  459.0 |
       Dungeon |    459 |    455 |      4 |      0 |      0 |   1 |  459.0 |
               +--------+--------+--------+--------+--------+-----+--------+

Top non-repeatable levels by time:
     D:1: 459 daAuts
